 Dungeon Crawl Stone Soup version 0.27.0-1-g7a089689b8 (webtiles) character file.

Game seed: 8938017983692255416

289 bearlyready the Slasher (level 6, -6/43 HPs)
             Began as a Djinni Gladiator on Aug 6, 2021.
             Splashed by a jelly's acid (11 damage)
             ... on level 5 of the Dungeon.
             The game lasted 00:06:46 (4196 turns).

bearlyready the Slasher (Djinni Gladiator)          Turns: 4196, Time: 00:06:47

Health: -6/43      AC:  2    Str: 15    XL:     6   Next: 57%
Gold:   62         EV: 11    Int: 10    God:
                   SH:  0    Dex: 14

rFire    + . .     SeeInvis .   a - +0 long sword
rCold    . . .     Faith    .   (no shield)
rNeg     . . .     Spirit   .   e - +0 ring mail
rPois    ∞         Reflect  .   c - +0 helmet
rElec    .         Harm     .   (no cloak)
rCorr    .         Rampage  .   (no gloves)
Will     .....                  (boots unavailable)
Stlth    +.........             (no amulet)
HPRegen  0.14/turn              r - ring of ice
MPRegen  0.00/turn              (no ring)

@: corroded, flying
A: sickness immunity, fire resistance 2, cold vulnerability 1, float, innate
caster, hp casting, extra vitality 1
a: no special abilities


You were on level 5 of the Dungeon.
You visited 1 branch of the dungeon, and saw 5 of its levels.

You collected 188 gold pieces.
You spent 126 gold pieces at shops.

Inventory:

Hand Weapons
 a - a +0 long sword (weapon)
Missiles
 d - a throwing net
 l - 139 stones
 m - 22 poisoned darts (quivered)
Armour
 b - a +0 leather armour
 c - a +0 helmet (worn)
 e - a +0 ring mail (worn)
Jewellery
 r - a ring of ice (left hand)
Wands
 B - a wand of flame (19)
Scrolls
 f - 2 scrolls of holy word {unknown}
 h - 2 scrolls of immolation {unknown}
 i - 3 scrolls of teleportation {unknown}
 j - 5 scrolls of identify {unknown}
 n - a scroll of brand weapon {unknown}
 o - a scroll of amnesia {unknown}
 p - a scroll of silence {unknown}
 t - a scroll of blinking {unknown}
 u - 2 scrolls of fear {unknown}
 v - a scroll of magic mapping {unknown}
 y - a scroll of acquirement {unknown}
Potions
 g - a potion of mutation {unknown}
 k - 2 potions of resistance {unknown}
 q - a potion of lignification {unknown}
 s - 2 potions of cancellation {unknown}
 w - a potion of might {unknown}
 x - a potion of heal wounds
 z - 3 potions of curing
 A - a potion of degeneration
 C - 2 potions of brilliance {unknown}


   Skills:
 - Level 2.0 Fighting
 + Level 5.6 Long Blades
 + Level 2.5 Throwing
 - Level 3.2 Dodging
 + Level 1.3 Stealth


You had 2 spell levels left.
You knew the following spells:

 Your Spells              Type           Power      Damage    Failure   Level
a - Magic Dart            Conj           0%         1d3       58%         1
b - Blink                 Tloc           N/A        N/A       75%         2
Your spell library was empty.

Dungeon Overview and Level Annotations

Branches:
Dungeon (5/15)
 Temple: D:4-7

Altars:
Cheibriados
Nemelex Xobeh
Ru

Shops:
D:1 !


Innate Abilities, Weirdness & Mutations

You are immune to sickness and miasma.
You are immune to poison.
Your flesh is very heat resistant. (rF++)
You are vulnerable to cold. (rC-)
You float through the air rather than walking.
You learn spells naturally, not from books.
Your magical power is your life essence.
You have superior vitality. (+4 HP)


Message History

Where to? (Enter - D:4, ? - help)
What level of the Dungeon? (default 1, ? - help)
There is an open door here.
There is an open door here.
There is a stone staircase leading down here.
You fly downwards.
Found 20 stones.
There is a stone staircase leading up here.
A jelly comes into view.
A jelly is nearby!
You see here 20 stones.
The jelly quivers.
You slash the jelly!
Your hands burn!
The jelly is heavily wounded.
The jelly closely misses you.
You hit the jelly.
Your hands burn!
The jelly is severely wounded.
The jelly hits you. The acid corrodes you!
You are splashed with acid!
You are too injured to fight recklessly!
You hit the jelly but do no damage.
Your hands burn!
The jelly is severely wounded.
The jelly hits you but does no damage.
You hit the jelly.
Your hands burn!
The jelly is severely wounded.
The jelly hits you.
You are splashed with acid!
* * * LOW HITPOINT WARNING * * *
There is a stone staircase leading up here.
You are no longer corroded.
Throw: 23 darts (poison)
Press: ? - help, Q - select action, (/) - cycle Shift-Dir - straight line, f - jelly
Aim: a jelly (severely wounded, 90% to hit)
You throw a poisoned dart.
The poisoned dart barely misses the jelly.
You hit the jelly. The acid corrodes you!
Your hands burn!
* * * LOW HITPOINT WARNING * * *
The jelly is almost dead.
The jelly hits you but does no damage. The jelly hits you.
* * * LOW HITPOINT WARNING * * *
You are splashed with acid!
You die...

#...........
#...# ##..#
...####..######.
................
##.####.(#######
#.#.......#
#.....<.#.#
#.#.##.##@#
#.......J.#
###.##(#..# #
#.#..# .....#
##.#.## #.#.#
#.#.# #.#.#


You could see a jelly.

Vanquished Creatures
  A scorpion (D:4)
  An orc wizard (D:2)
  Natasha (thrice) (D:2)
  2 gnolls (D:3)
  3 adders
  2 dart slugs
  5 orcs
  5 bats
  6 endoplasms
  A giant cockroach (D:4)
  6 goblins
  4 hobgoblins
  16 jackals
  A quokka (D:1)
  7 ball pythons
  3 frilled lizards
  5 kobolds
  4 rats
75 creatures vanquished.

Notes
Turn   | Place    | Note
-------+----------+-------------------------------------------
     0 | D:1      | bearlyready the Djinni Gladiator began the quest for the
                  | Orb.
     0 | D:1      | Reached XP level 1. HP: 18/18 MP: 0/0
    13 | D:1      | Reached skill level 3 in Long Blades
    38 | D:1      | Reached XP level 2. HP: 23/23 MP: 0/0
   437 | D:1      | Reached XP level 3. HP: 18/28 MP: 0/0
   437 | D:1      | Learned a level 1 spell: Magic Dart
   678 | D:1      | Found Vitom's Distillery.
   916 | D:2      | Found a sacrificial altar of Ru.
  1258 | D:2      | Found a faded altar of an unknown god.
  1311 | D:2      | Reached skill level 4 in Long Blades
  1311 | D:2      | Reached XP level 4. HP: 33/33 MP: 0/0
  1618 | D:2      | Noticed Natasha
  1629 | D:2      | Killed Natasha
  1630 | D:2      | Reached XP level 5. HP: 23/38 MP: 0/0
  1630 | D:2      | Learned a level 2 spell: Blink
  1962 | D:2      | Noticed Natasha
  1971 | D:2      | Killed Natasha
  1972 | D:2      | Reached skill level 5 in Long Blades
  2174 | D:2      | Noticed Natasha
  2191 | D:2      | Killed Natasha
  2641 | D:3      | Reached XP level 6. HP: 29/43 MP: 0/0
  2966 | D:3      | Found a snail-covered altar of Cheibriados.
  3018 | D:3      | Found a sparkling altar of Nemelex Xobeh.
  3372 | D:1      | Bought a potion of heal wounds for 70 gold pieces
  3372 | D:1      | Bought a potion of curing for 42 gold pieces
  3372 | D:1      | Bought a potion of degeneration for 14 gold pieces
  3674 | D:4      | Reached skill level 1 in Stealth
  4160 | D:5      | Entered Level 5 of the Dungeon
  4196 | D:5      | Splashed by a jelly's acid

Illustrated notes

Levels and vault maps discovered:
D:1:      dpeg_arrival_tiny_a, layout_basic, serial_shops, shop,
          serial_park_tiny_2, minmay_strange_pillars
D:2:      layout_basic, hellmonk_ecumenical_altar_zigzags, basic_altar,
          uniq_natasha
D:3:      layout_basic, lemuel_tele_altar, kennysheep_slug_shrine
D:4:      layout_gridville
D:5:      layout_loops_ring, minmay_temple_entry_trees,
          kennysheep_decorative_pillar

Skill      XL: |  1  2  3  4  5  6 |
---------------+-------------------+-----
Long Blades    | 3 4 5 |  5.6
Throwing       | 2 |  2.5
Stealth        | 1 |  1.3
Fighting       | |  2.0
Dodging        | |  3.2

Action                   |  1- 3 |  4- 6 || total
-------------------------+-------+-------++-------
Melee: Long sword        |    96 |   125 ||   221
Throw: Throwing net      |       |     4 ||     4
       Dart              |       |     6 ||     6
       Stone             |       |     1 ||     1
 Stab: Held in net/web   |       |     1 ||     1
Armor: Leather armour    |     8 |       ||     8
       Ring mail         |    49 |    45 ||    94
Dodge: Dodged            |    90 |    71 ||   161
       Rpst.: Long sword |    34 |    16 ||    50
